 Dungeon Crawl Stone Soup version 0.29-a0-483-g69413ace17 (webtiles) character file.

Game seed: 17634264589818792998

49 xian the Shield-Bearer (level 3, -1/23 HPs)
             Began as a Gargoyle Fighter on May 26, 2022.
             Slain by a hobgoblin (5 damage)
             ... led by Robin
             ... on level 4 of the Dungeon.
             The game lasted 00:03:53 (1636 turns).

xian the Shield-Bearer (Gargoyle Fighter)           Turns: 1636, Time: 00:03:54

Health: -1/23      AC: 10    Str: 21    XL:     3   Next: 77%
Magic:  3/3        EV:  9    Int:  8    God:
Gold:   140        SH:  4    Dex:  9    Spells: 2/2 levels left

rFire   . . .      SeeInvis .   a - +0 long sword
rCold   . . .      Faith    .   c - +0 buckler
rNeg    + . .      Spirit   .   b - +0 scale mail
rPois   ∞          Reflect  .   (no helmet)
rElec   +          Harm     .   (no cloak)
rCorr   +          Rampage  .   (no gloves)
Will    .....                   (no boots)
Stlth   ..........              g - amulet of regeneration
HPRegen 0.87/turn               h - ring of resist corrosion
MPRegen 0.08/turn               (no ring)

@: no status effects
A: sickness immunity, AC +3, negative energy resistance 1, electricity
resistance, torment resistance 1, petrification resistance
a: no special abilities


You were on level 4 of the Dungeon.
You visited 1 branch of the dungeon, and saw 4 of its levels.

You collected 140 gold pieces.

Inventory:

Hand Weapons
 a - a +0 long sword (weapon)
Armour
 b - a +0 scale mail (worn)
 c - a +0 buckler (worn)
 n - a +2 robe of willpower
Jewellery
 g - an amulet of regeneration (around neck)
 h - a ring of resist corrosion (left hand)
Wands
 q - a wand of mindburst (20)
Scrolls
 f - 2 scrolls of teleportation {unknown}
 i - a scroll of identify {unknown}
 o - a scroll of poison {unknown}
 r - a scroll of immolation {unknown}
 u - a scroll of enchant weapon {unknown}
Potions
 d - a potion of might
 e - 2 potions of curing {unknown}
 j - a potion of invisibility {unknown}
 k - a potion of lignification {unknown}
 l - 2 potions of ambrosia {unknown}
 m - 2 potions of resistance {unknown}
 p - a potion of mutation {unknown}
 s - a potion of brilliance {unknown}
 t - a potion of heal wounds {unknown}


   Skills:
 + Level 3.5 Fighting
 + Level 2.4 Long Blades
 + Level 3.7 Armour
 + Level 0.4 Dodging
 + Level 3.8 Shields


You had 2 spell levels left.
You didn't know any spells.
Your spell library contained the following spells:

 Spells                   Type           Power      Damage    Failure   Level
 Apportation              Tloc           0%         N/A       83%         1
 Necrotize                Necr           0%         1d4       83%         1
 Summon Small Mammal      Summ           0%         N/A       83%         1


Dungeon Overview and Level Annotations

Branches:
Dungeon (4/15)
 Temple: D:4-7

Altars:

Shops:
D:1 [

Annotations:
D:3 Robin


Innate Abilities, Weirdness & Mutations

You are immune to sickness and miasma.
Your stone body is resilient. (AC +3)
You are immune to poison.
You resist negative energy. (rN+)
You are resistant to electric shocks. (rElec)
You are resistant to unholy torment.
You are immune to petrification.


Message History

You see here a +0 dagger.
You now have 140 gold pieces (gained 17).
You see here a +0 dagger.
Things that are here:
a +0 club; a +0 hunting sling
There is a stone staircase leading up here.
You climb upwards.
Level annotation: Robin The hobgoblin hits you.
The goblin barely misses you. x2
The goblin hits you but does no damage.
There is a stone staircase leading down here.
The hobgoblin barely misses you.
The goblin hits you but does no damage. x3
Robin roars a battlecry!
The goblins go into a battle-frenzy!
You hear a shout! x2
You climb downwards.
There is a stone staircase leading up here.
You slash the goblin!
You kill the goblin!
The goblin closely misses you. The hobgoblin barely misses you.
The goblin hits you with a +0 club. The goblin misses you.
The goblin hits you with a +0 club. The hobgoblin hits you.
The hobgoblin attacks as you move away! The hobgoblin closely misses you.
The goblin hits you with a +0 club. The goblin hits you but does no damage.
Items here: ))) †.
The goblin attacks as you move away! The goblin hits you with a +0 club.
* * * LOW HITPOINT WARNING * * *
The hobgoblin attacks as you move away! You block the hobgoblin's attack.
You see here a +0 dagger.
The goblin hits you with a +0 dagger.
* * * LOW HITPOINT WARNING * * *
You closely miss the goblin. The hobgoblin hits you.
* * * LOW HITPOINT WARNING * * *
You block the goblin's attack. x2
You slash the goblin!
You kill the goblin!
The hobgoblin barely misses you. The goblin hits you but does no damage.
You closely miss the hobgoblin. The goblin hits you but does no damage.
The hobgoblin barely misses you. The hobgoblin hits you.
You die...

### # #..
#.#.#####
.#.. ..# ..#
#.# #.#
#.#+#####
#.###..@....#
#.....g)g...#
######.)....#
#.<....#
#......#
#..(...+
#......#
#......#
.......#


You could see a hobgoblin (strong) and a goblin (strong).

Vanquished Creatures
  2 dart slugs
  3 bats
  3 endoplasms
  2 giant cockroaches
  4 goblins (D:4)
  6 hobgoblins
  4 jackals (D:2)
  3 kobolds (D:1)
  4 quokkas
  2 ball pythons (D:1)
  A frilled lizard (D:1)
  3 rats (D:1)
37 creatures vanquished.

Notes
Turn   | Place    | Note
-------+----------+-------------------------------------------
     0 | D:1      | xian the Gargoyle Fighter began the quest for the Orb.
     0 | D:1      | Reached XP level 1. HP: 14/14 MP: 1/1
   164 | D:1      | Reached XP level 2. HP: 10/19 MP: 2/2
   543 | D:1      | Found Eguageal's Antique Armour Shop.
   804 | D:2      | Reached XP level 3. HP: 23/23 MP: 3/3
   898 | D:2      | Found a faded altar of an unknown god.
  1568 | D:3      | Noticed Robin
  1636 | D:4      | Slain by a hobgoblin

Illustrated notes

Levels and vault maps discovered:
D:1:      psy_arrival_heroes, layout_basic, serial_shops,
          nicolae_shop_waterfront, minmay_misc_feat_square, minmay_ruptured
D:2:      layout_loops_cross, basic_ecumenical_altar, minmay_misc_feat_roman
D:3:      layout_rooms, nicolae_overflow_hidden_temple, uniq_crazy_yiuf_cottage,
          uniq_sigmund, uniq_terence, uniq_robin
D:4:      layout_basic

Skill      XL: |  1  2 |
---------------+-------+-----
Long Blades    | 2 |  2.4
Fighting       | |  3.5
Armour         | |  3.7
Dodging        | |  0.4
Shields        | |  3.8

Action                   || total
-------------------------++-------
Melee: Long sword        ||   134
Armor: Scale mail        ||   116
Dodge: Dodged            ||   115
Block: Buckler           ||    49

Table legend: (Time is in decaauts)
 A = Elapsed time spent in this place.
 B = Non-inter-level travel time spent in this place.
 C = Inter-level travel time spent in this place.
 D = Time resting spent in this place.
 E = Time spent auto-exploring this place.
 F = Levels seen in this place.
 G = Mean time per level.
                   A        B        C        D        E       F      G
               +--------+--------+--------+--------+--------+-----+--------+
         Total |   1682 |   1624 |     58 |      0 |   1040 |   4 |  420.5 |
       Dungeon |   1682 |   1624 |     58 |      0 |   1040 |   4 |  420.5 |
               +--------+--------+--------+--------+--------+-----+--------+

Top non-repeatable levels by time:
     D:1: 823 daAuts
     D:2: 750 daAuts
     D:4: 56 daAuts
     D:3: 52 daAuts
